 Dungeon Crawl Stone Soup version 0.19.1-1-g22dce08 (webtiles) character file.

11611 Exporg the Basher (level 11, -3/99 HPs)
             Began as a Minotaur Berserker on Dec 31, 2016.
             Was a High Priest of Trog.
             Slain by an orc warrior
             ... wielding a +0 glaive
              (17 damage)
             ... on level 2 of the Orcish Mines.
             The game lasted 00:40:08 (10215 turns).

Exporg the Basher (Minotaur Berserker)             Turns: 10215, Time: 00:40:08

Health: -3/99      AC:  8    Str: 26    XL:     11   Next: 51%
Magic:  10/10      EV: 16    Int: 10    God:    Trog [*****.]
Gold:   926        SH:  0    Dex: 13    Spells: 0 memorised, 10 levels left

rFire  . . .     SeeInvis .     Q - +6 falchion of Purpose {venom, Int+4}
rCold  . . .     Gourm    .     l - quicksilver dragon scales
rNeg   + . .     Faith    .     (no shield)
rPois  .         Spirit   .     (helmet restricted)
rElec  .         Reflect  .     J - +1 cloak "Tucios Mem" {rN+ rCorr Int+2}
rCorr  +         Harm     .     (no gloves)
MR     ++...                    y - +0 pair of boots {Stlth+}
Stlth  +++.......               (no amulet)
                                r - ring of protection from magic
                                k - +4 ring of dexterity

@: exhausted, corroded, slowed, very slow
A: retaliatory headbutt, horns 2
a: Berserk, Trog's Hand, Brothers in Arms, Burn Spellbooks, Renounce Religion


You were on level 2 of the Orcish Mines.
You worshipped Trog.
Trog was extremely pleased with you.
You were not hungry.

You visited 2 branches of the dungeon, and saw 12 of its levels.

You collected 926 gold pieces.

Inventory:

Hand Weapons
 a - a +0 hand axe
 e - a +1 mace of venom
 o - a +0 flail of distortion
 z - a +0 war axe
 F - a +0 morningstar
 Q - the +6 falchion of Purpose (weapon) {venom, Int+4}
   (You found it on level 10 of the Dungeon)

   It poisons the flesh of those it strikes.
   It affects your intelligence (+4).
 S - a +3 halberd
Armour
 b - a +0 animal skin
 h - a +0 chain mail
 l - quicksilver dragon scales (worn)
 y - a +0 pair of boots of stealth (worn)
 B - a +1 plate armour of cold resistance
 D - a +0 cloak
 J - the +1 cloak "Tucios Mem" (worn) {rN+ rCorr Int+2}
   (You found it on level 6 of the Dungeon)

   It affects your intelligence (+2).
   It protects you from negative energy.
   It protects you from acid and corrosion.
 P - +0 steam dragon scales
Magical Staves
 I - an uncursed staff of death {unknown}
Jewellery
 k - a +4 ring of dexterity (left hand)
 r - a ring of protection from magic (right hand)
Wands
 v - a wand of paralysis (11/24)
 C - a wand of digging (10/24)
 O - a wand of paralysis (8/24)
Scrolls
 d - 2 scrolls of identify
 g - 4 scrolls of teleportation
 i - 3 scrolls of enchant weapon
 m - 5 scrolls of remove curse
 p - a scroll of blinking {unknown}
 x - 2 scrolls of amnesia {unknown}
 E - a scroll of recharging {unknown}
 G - a scroll of enchant armour {unknown}
 K - 5 scrolls of fear
 L - a scroll of fog {unknown}
 M - a scroll of magic mapping {unknown}
 R - 2 scrolls of summoning {unknown}
Potions
 n - 8 potions of curing
 q - 2 potions of degeneration {unknown}
 s - a potion of invisibility {unknown}
 t - a potion of lignification {unknown}
 u - 2 potions of flight
 A - 2 potions of magic {unknown}
 H - a potion of might {unknown}
 T - 2 potions of mutation {unknown}
Books
 w - a book of Minor Magic

   Spells                             Type                      Level
   a - Magic Dart                     Conjuration                  1
   b - Blink                          Translocation                2
   c - Call Imp                       Summoning                    2
   d - Repel Missiles                 Charms/Air                   2
   e - Slow                           Hexes                        2
   f - Conjure Flame                  Conjuration/Fire             3
   g - Mephitic Cloud                 Conjuration/Poison/Air       3
   Trog disapproves of the use of such an item.
Comestibles
 c - 8 bread rations
 f - 7 beef jerkies
 j - 5 slices of pizza
 N - 5 royal jellies
 U - a meat ration


   Skills:
 + Level 9.9 Fighting
 * Level 4.7 Long Blades
 + Level 5.0(9.9) Axes
 + Level 12.9(13.2) Maces & Flails
 + Level 9.0 Armour
 + Level 8.5 Dodging
 + Level 4.2 Stealth


You had 10 spell levels left.
You didn't know any spells.

Dungeon Overview and Level Annotations

Branches:
Dungeon (10/15)            Temple (0/1) D:6             Orc (2/2) D:10
    Elf (0/3) Orc:2
   Lair: D:8-11

Altars:
Cheibriados
Dithmenos
Elyvilon
Kikubaaqudgha
Makhleb
Nemelex Xobeh
Okawaru
Ru
Trog
Xom
The Shining One
Beogh

Shops:
D:4 ((}[   D:5 [


Innate Abilities, Weirdness & Mutations

You reflexively headbutt those who attack you in melee.
You have a pair of horns on your head.


Message History

Trog accepts your kill.
The chaos spawn degenerates into a cloud of primal chaos!
The rust devil disappears in a puff of smoke!
The neqoxec disappears in a puff of smoke!
The white imp disappears in a puff of smoke!
You feel your intelligence returning.
Your Long Blades skill increases to level 4!
Your Armour skill increases to level 9!
Really walk into that cloud of seething chaos?
Okay, then.
You feel a strong urge to attack something.
The orc warrior hits you from afar with a glaive.
* * * LOW HITPOINT WARNING * * *
You feel your anger subside.
You are no longer berserk.
Trog's vigour flows through your veins.
You are exhausted.
You feel yourself slow down. The orc barely misses you.
The orc warrior hits you from afar with a glaive!
You die...

.8...8....#.........#
...................##
....................#
.8...8..8.........$##
...8...........#...#
..............###.##
........oo....# ##
o..#.........####
.##......@......#
.........>...####
.............#..##
#................##
.......#..........##
.....###..........<#
..... ##.#.......##
..... ##.........#
..........##


You could see an orc warrior and an orc.

Vanquished Creatures
  The ghost of Exporg the Cleaver, a novice MiBe of Trog (D:9)
  An orc high priest (Orc:2)
  An unseen horror (D:10)
  2 hill giants (D:10)
  The ghost of Adolfin the Skirmisher, a novice DsMo (D:7)
  Grinder (D:3)
  A queen bee (D:9)
  A hornet (D:8)
  A two-headed ogre (D:10)
  A hippogriff (D:8)
  A wraith (D:10)
  4 hogs (D:7)
  A human (D:7)
  A hungry ghost (D:9)
  A steam dragon (D:10)
  The ghost of markt42 the Shield-Bearer, an amateur GrFi (D:3)
  A warg (D:10)
  A water moccasin (D:10)
  2 ice beasts
  4 phantoms (D:9)
  2 orc warriors
  4 black bears
  A sky beast (D:6)
  10 ogres
  6 centaurs
  7 bullfrogs
  A wyvern skeleton (D:10)
  A scorpion (D:10)
  23 killer bees (D:9)
  5 howler monkeys
  4 wights (D:10)
  3 crimson imps
  2 jellies
  2 bullfrog zombies
  A centaur zombie (D:7)
  2 gnoll shamans (D:7)
  Crazy Yiuf (D:4)
  A bullfrog skeleton (D:9)
  9 hounds
  6 orc priests
  Ijyb (D:2)
  7 iguanas
  8 orc wizards
  9 worker ants
  A hound skeleton (D:5)
  5 worker ant zombies
  13 gnolls
  10 adders
  A shadow imp (D:9)
  An ooze (D:1)
  An adder skeleton (D:4)
  2 adder zombies
  A worm (D:5)
  3 dart slugs (D:2)
  A leopard gecko (D:6)
  47 orcs
  3 ball pythons
  8 bats
  3 giant cockroaches
  11 goblins
  11 hobgoblins
  2 jackals (D:10)
  A quokka (D:4)
  2 frilled lizards (D:2)
  15 kobolds
  8 rats
  2 plants (D:7)
296 creatures vanquished.

Vanquished Creatures (others)
  A scorpion (D:4)
1 creature vanquished.

Grand Total: 297 creatures vanquished

Notes
Turn   | Place    | Note
-------+----------+-------------------------------------------
     0 | D:1      | Exporg the Minotaur Berserker began the quest for the Orb.
     0 | D:1      | Reached XP level 1. HP: 19/19 MP: 0/0
   100 | D:1      | Reached XP level 2. HP: 20/27 MP: 1/1
   940 | D:2      | Reached ** piety under Trog
   940 | D:2      | Reached XP level 3. HP: 27/33 MP: 2/2
  1026 | D:2      | Noticed Ijyb
  1038 | D:2      | Killed Ijyb
  1038 | D:2      | Reached skill level 1 in Maces & Flails
  1133 | D:2      | Reached XP level 4. HP: 41/41 MP: 3/3
  1136 | D:2      | Reached skill level 2 in Maces & Flails
  1144 | D:2      | Found a sparkling altar of Nemelex Xobeh.
  1234 | D:2      | Reached XP level 5. HP: 41/47 MP: 4/4
  1235 | D:2      | Found a burning altar of Makhleb.
  1451 | D:3      | Noticed Grinder
  1456 | D:3      | Killed Grinder
  1456 | D:3      | Reached skill level 5 in Fighting
  1456 | D:3      | Reached skill level 5 in Axes
  1456 | D:3      | Reached skill level 3 in Maces & Flails
  1456 | D:3      | Reached XP level 6. HP: 56/56 MP: 5/5
  1590 | D:3      | Reached *** piety under Trog
  1739 | D:3      | Noticed markt42's ghost (amateur GrFi)
  1746 | D:3      | Killed markt42's ghost
  1746 | D:3      | Reached skill level 4 in Maces & Flails
  1933 | D:3      | Found a shadowy altar of Dithmenos.
  2060 | D:4      | Reached XP level 7. HP: 61/61 MP: 6/6
  2065 | D:4      | Found Witeego's Antique Weapon Emporium.
  2178 | D:4      | Found Gijoz's Weapon Emporium.
  2222 | D:4      | Found Zoiwn's Gadget Shoppe.
  2288 | D:4      | Found Zamod's Armour Shoppe.
  2340 | D:4      | Found a shimmering altar of Xom.
  2508 | D:4      | Found a runed door.
  2591 | D:4      | Noticed Crazy Yiuf
  2595 | D:4      | Killed Crazy Yiuf
  2595 | D:4      | Reached skill level 5 in Maces & Flails
  2658 | D:4      | Reached skill level 1 in Stealth
  2822 | D:5      | Entered Level 5 of the Dungeon
  3161 | D:5      | Reached skill level 6 in Maces & Flails
  3203 | D:5      | Reached skill level 5 in Armour
  3402 | D:5      | Reached XP level 8. HP: 55/69 MP: 7/7
  3407 | D:5      | Reached skill level 5 in Dodging
  3585 | D:5      | Reached skill level 7 in Maces & Flails
  3759 | D:5      | Found Haipyapa's Antique Armour Boutique.
  4099 | D:6      | Reached skill level 8 in Maces & Flails
  4328 | D:6      | Found a staircase to the Ecumenical Temple.
  4372 | D:6      | Got a pitted cloak
  4383 | D:6      | Identified the +1 cloak "Tucios Mem" {rN+ rCorr Int+2} (You found it on level 6 of the Dungeon)
  4543 | D:7      | Reached skill level 9 in Maces & Flails
  4572 | D:7      | Reached **** piety under Trog
  4572 | D:7      | Reached XP level 9. HP: 75/78 MP: 8/8
  4578 | D:7      | Found a bloodstained altar of Trog.
  4594 | D:7      | Noticed Adolfin's ghost (novice DsMo)
  4601 | D:7      | Killed Adolfin's ghost
  4834 | D:7      | Reached skill level 10 in Maces & Flails
  5751 | D:7      | Found a glowing golden altar of the Shining One.
  5793 | D:7      | Reached XP level 10. HP: 88/88 MP: 9/9
  5844 | D:7      | Found a snail-covered altar of Cheibriados.
  5927 | D:7      | Found a white marble altar of Elyvilon.
  5927 | D:7      | Found a faded altar of an unknown god.
  5932 | D:7      | Found a faded altar of an unknown god.
  5934 | D:7      | Found an ancient bone altar of Kikubaaqudgha.
  5935 | D:7      | Found a faded altar of an unknown god.
  6258 | D:8      | Reached skill level 11 in Maces & Flails
  6839 | D:9      | Found an iron altar of Okawaru.
  6859 | D:9      | Noticed Exporg's ghost (novice MiBe)
  6884 | D:9      | Killed Exporg's ghost
  7333 | D:9      | Reached skill level 12 in Maces & Flails
  7602 | D:9      | Found a sacrificial altar of Ru.
  7716 | D:9      | Received a gift from Trog
  8237 | D:10     | Entered Level 10 of the Dungeon
  8241 | D:10     | Reached XP level 11. HP: 91/97 MP: 10/10
  8396 | D:10     | Reached ***** piety under Trog
  8454 | D:10     | Found a staircase to the Orcish Mines.
  8525 | D:10     | Killed an unseen horror
  8591 | D:10     | Got a scorched falchion
  8768 | D:10     | Identified the +6 falchion of Purpose {venom, Int+4} (You found it on level 10 of the Dungeon)
  9055 | D:10     | Reached skill level 1 in Long Blades
  9132 | D:10     | Noticed a hill giant
  9141 | D:10     | Killed a hill giant
  9245 | D:10     | Noticed a hill giant
  9253 | D:10     | Killed a hill giant
  9590 | D:10     | Received a gift from Trog
  9811 | Orc:1    | Entered Level 1 of the Orcish Mines
 10083 | Orc:2    | Entered Level 2 of the Orcish Mines
 10085 | Orc:2    | Found a staircase to the Elven Halls.
 10189 | Orc:2    | Noticed an orc high priest
 10194 | Orc:2    | Found a roughly hewn altar of Beogh.
 10206 | Orc:2    | Killed an orc high priest
 10215 | Orc:2    | Slain by an orc warrior

Skill      XL: |  1  2  3  4  5  6  7  8  9 10 11 |
---------------+----------------------------------+-----
Axes           | 4 5 |  5.0
Fighting       | 4 5 6 7 9 |  9.9
Maces & Flails | 1 2 3 4 6 9 10 12 | 12.9
Dodging        | 3 4 5 6 7 8 |  8.5
Armour         | 3 4 5 6 7 8 9 |  9.0
Stealth        | 1 2 3 4 |  4.2
Long Blades    | 4 |  4.7

Action                   |  1- 3 |  4- 6 |  7- 9 | 10-12 || total
-------------------------+-------+-------+-------+-------++-------
Melee: Hand axe          |    15 |       |       |       ||    15
       Headbutt          |     9 |    11 |    56 |   106 ||   182
       Mace              |    42 |     8 |   175 |   288 ||   513
       Flail             |       |    42 |    49 |       ||    91
       Falchion          |       |       |       |    82 ||    82
Invok: Berserk           |       |     2 |     2 |     4 ||     8
  Use: Scroll            |       |       |       |     6 ||     6
 Stab: Sleeping          |       |       |       |     4 ||     4
       Distracted        |       |       |       |     2 ||     2
       Paralysed         |       |       |       |     1 ||     1
  Eat: Pizza             |       |     1 |       |     2 ||     3
       Meat ration       |       |     1 |     2 |     2 ||     5
       Fruit             |       |       |     2 |       ||     2
       Royal jelly       |       |       |     1 |     2 ||     3
       Beef jerky        |       |       |       |     1 ||     1
Armor: Animal skin       |     7 |       |       |       ||     7
       Chain mail        |    33 |       |       |       ||    33
       Quicksilver drago |       |    27 |   118 |   136 ||   281
Dodge: Dodged            |    45 |    34 |   210 |   311 ||   600
       Rpst.: Falchion   |       |       |       |    20 ||    20
